 Dungeon Crawl Stone Soup version 0.18-a0-1197-g8004e50 (webtiles) character file.

34 namelastname112 the Insei (level 3, -4/19 HPs)
             Began as a Vine Stalker Monk on Jan 30, 2016.
             Was a Believer of Nemelex Xobeh.
             Slain by an adder (5 damage)
             ... on level 2 of the Dungeon.
             The game lasted 00:01:38 (812 turns).

namelastname112 the Insei (Vine Stalker Monk)        Turns: 812, Time: 00:01:38

Health: -4/19      AC:  2    Str: 13    XL:     3   Next: 31%
Magic:  0/4        EV: 13    Int: 10    God:    Nemelex Xobeh [**....]
Gold:   46         SH:  0    Dex: 17    Spells: 0 memorised, 2 levels left

rFire  . . .     SeeInvis .       - Unarmed
rCold  . . .     Gourm    .     a - +0 robe
rNeg   . . .     Faith    .     (no shield)
rPois  .         Spirit   +     (no helmet)
rElec  .         Dismiss  .     (no cloak)
rCorr  .         Reflect  .     (no gloves)
SustAt .         Harm     .     (no boots)
MR     .....                    (no amulet)
Stlth  ++........               (no ring)
                                (no ring)

@: not resistant to hostile enchantments, unstealthy
A: fangs 2, regeneration 1, magic shield, antimagic bite, no device heal 3, rot
immunity
a: Renounce Religion


You were on level 2 of the Dungeon.
You worshipped Nemelex Xobeh.
Nemelex Xobeh was pleased with you.
You were not hungry.

You visited 1 branch of the dungeon, and saw 2 of its levels.

You collected 46 gold pieces.

Inventory:

Armour
 a - a +0 robe (worn)
Scrolls
 c - 3 scrolls of remove curse {unknown}
 d - 2 scrolls of identify {unknown}
 e - a scroll of amnesia {unknown}
 g - a scroll of blinking {unknown}
Potions
 h - a potion of heal wounds {unknown}
 n - a potion of poison
Miscellaneous
 j - a plain deck of wonders
 k - a plain deck of destruction {drawn: 3}
 l - a plain deck of escape
 m - a plain deck of war
Comestibles
 b - a bread ration
 f - a beef jerky


   Skills:
 - Level 2.6 Fighting
 - Level 2.4 Dodging
 - Level 2.4 Stealth
 + Level 5.1 Unarmed Combat


You had 2 spell levels left.
You didn't know any spells.

Dungeon Overview and Level Annotations

Branches:
Dungeon (2/15)

Altars:
Nemelex Xobeh


Innate Abilities, Weirdness & Mutations

You have extremely sharp teeth.
Your natural rate of healing is unusually fast.
When hurt, damage is shared between your health and your magic reserves.
Your bite disrupts and absorbs the magic of your enemies.
Potions and wands cannot restore your health.
You are immune to rotting.


Message History

The adder is severely wounded.
The orb of energy explodes!
You feel sick. The adder bites you.
* * * LOW HITPOINT WARNING * * *
Evoke which item? (* to show all) (? for menu, Esc to quit)
You draw a card...
It is Pain.
You have drawn Pain.
Press: ? - help, Shift-Dir - straight line, f/p - adder
Aim: an adder (severely wounded)
The adder convulses in agony!
You feel sick. The adder bites you.
* * * LOW HITPOINT WARNING * * *
The adder completely misses you.
Drink which item? (? for menu, Esc to quit)
It was a potion of poison.
That liquid tasted very nasty...
You are more poisoned.
* * * LOW HITPOINT WARNING * * *
You feel sick. The adder closely misses you.
Drink which item? (? for menu, Esc to quit)
It was a potion of curing.
You feel better. The adder bites you.
You die...
Your body glows slightly and disappears.

... ... ..) +## # ..# #.
..#########.############
..##....................
..##.########.##......#
........(.....#.@.....#
####.##########.S.....#
..... .........# ###...#
####......# #...#
.......# #.l.# .......#
....# .......# #####
..#######


You could see an adder.

Vanquished Creatures
  An adder (D:2)
  2 giant geckos
  A ball python (D:1)
  4 bats
  2 giant cockroaches
  2 goblins (D:1)
  3 hobgoblins (D:1)
  A giant newt (D:1)
  4 kobolds
  2 rats (D:1)
22 creatures vanquished.

Notes
Turn   | Place    | Note
--------------------------------------------------------------
     0 | D:1      | namelastname112 the Vine Stalker Monk began the quest for the Orb.
     0 | D:1      | Reached XP level 1. HP: 11/11 MP: 2/2
   113 | D:1      | Reached XP level 2. HP: 16/16 MP: 3/3
   486 | D:1      | Found a sparkling altar of Nemelex Xobeh.
   529 | D:1      | Became a worshipper of Nemelex Xobeh the Trickster
   529 | D:1      | Received a gift from Nemelex Xobeh
   529 | D:1      | Reached * piety under Nemelex Xobeh
   529 | D:1      | Received a gift from Nemelex Xobeh
   529 | D:1      | Received a gift from Nemelex Xobeh
   529 | D:1      | Reached ** piety under Nemelex Xobeh
   782 | D:2      | Reached XP level 3. HP: 16/19 MP: 4/4
   785 | D:2      | Reached skill level 5 in Unarmed Combat
   812 | D:2      | Slain by an adder

Vault maps used:
D:1:      matt_arrival_diagonals, serial_curves, eino_curves_02, eino_curves_04,
          nemelex_deck
D:2:      nicolae_overflow_crystal_walls, old_standard_altar,
          ecumenical_altar_1, grunt_ministairs_9

Action                   || total
-------------------------++-------
Melee: Unarmed           ||    60
Evoke: Deck              ||     3
  Use: Potion            ||     2
 Stab: Sleeping          ||     7
